cohdb
Replays
Latest Replays
All Replays
Popular Replays
Top Player Replays
Match Explorer
How It Works
Community
CoH3 Stats
Reddit
Sign in to upload your games and track your stats! →
Sign in with Steam
Match 41313920
Unlisted
Match 41313920
Overview
Messages
Build Orders
End
Scout Squad
Scout Squad
Selects Airborne Battlegroup
Selects Pathfinders
Construct Weapon Support Center
M1919 Machine Gun Team
Selects Paratrooper Squad Paradrop
Paratrooper Squad Paradrop
Construct Medical Station
Engineer Squad
Mechanized Support Center
Construct Tank Depot
M4A1 Sherman Medium Tank
Forward Retreat Point
Designate Forward Repair Station
M4A1 Sherman Medium Tank
Paratrooper Squad Paradrop
Bran
DrewP
Maggotta
Kemblan
0
0
Comments
sign in to comment!
No comments posted yet!